 Dungeon Crawl Stone Soup version 0.20-a0-277-g7db01f4 (webtiles) character file.

35 tsouns the Sneak (level 3, 0/24 HPs)
             Began as a Demonspawn Wanderer on Dec 11, 2016.
             Succumbed to an adder's poison
             ... on level 2 of the Dungeon.
             The game lasted 00:05:25 (1142 turns).

tsouns the Sneak (Demonspawn Wanderer)              Turns: 1142, Time: 00:05:26

Health: 0/24       AC:  7    Str: 18    XL:     3   Next: 17%
Magic:  4/4        EV:  9    Int: 13    God:
Gold:   61         SH:  0    Dex: 12    Spells: 2/4 levels left

rFire  . . .     SeeInvis .       - Unarmed
rCold  . . .     Gourm    .     o - +0 scale mail
rNeg   . . .     Faith    .     (no shield)
rPois  .         Spirit   .     (no helmet)
rElec  .         Reflect  .     (no cloak)
rCorr  .         Harm     .     e - +0 pair of gloves
MR     .....                    (no boots)
Stlth  +.........               (no amulet)
                                (no ring)
                                (no ring)

@: mighty, lethally poisoned (0 -> -2)
A: claws 1, powered by pain 1
a: no special abilities


You were on level 2 of the Dungeon.
You were not hungry.

You visited 1 branch of the dungeon, and saw 2 of its levels.

You collected 61 gold pieces.

Inventory:

Hand Weapons
 a - a +2 dagger
Armour
 c - a +0 robe
 e - a +0 pair of gloves (worn)
 o - a +0 scale mail (worn)
 q - a +0 shield
Scrolls
 b - a scroll of fear
 j - a scroll of blinking {unknown}
 l - a scroll of teleportation {unknown}
 r - a scroll of random uselessness {unknown}
Potions
 k - a potion of magic
 m - 2 potions of degeneration
Books
 s - a book of Cantrips

   Spells                             Type                      Level
   a - Confusing Touch                Hexes                        1
   b - Animate Skeleton               Necromancy                   1
   c - Summon Small Mammal            Summoning                    1
   d - Apportation                    Translocation                1
Comestibles
 d - a bread ration
 g - 2 chunks of flesh
 h - 4 fruits
 n - a beef jerky
 t - a meat ration


   Skills:
 - Level 1.0 Short Blades
   Level 1.7 Staves
 - Level 1.0 Dodging
 + Level 2.6 Stealth
 + Level 1.2 Unarmed Combat
 - Level 1.0 Spellcasting
   Level 2.0 Conjurations
   Level 1.7 Charms


You had 2 spell levels left.
You knew the following spells:

 Your Spells              Type           Power        Failure   Level  Hunger
a - Apportation           Tloc           #.........   90%         1    ##.....
b - Animate Skeleton      Necr           N/A          90%         1    ##.....


Dungeon Overview and Level Annotations

Branches:
Dungeon (2/15)

Altars:


Innate Abilities, Weirdness & Mutations

You have sharp fingernails.
You sometimes gain a little power by taking damage.


Message History

* * * LOW HITPOINT WARNING * * *
You feel sick.
It was a potion of cancellation.
You feel magically purged.
* * * LOW HITPOINT WARNING * * *
You feel sick.
It was a potion of might.
You feel very mighty all of a sudden.
* * * LOW HITPOINT WARNING * * *
You feel sick.
* * * LOW HITPOINT WARNING * * *
You feel sick.
There is an escape hatch in the floor here.
* * * LOW HITPOINT WARNING * * *
You feel sick.
* * * LOW HITPOINT WARNING * * *
You feel sick.
Okay, then.
* * * LOW HITPOINT WARNING * * *
You feel sick.
You die...

#..#####.#....#................
##.÷####.#....###..#..###.....)
##...##.#.......##.##.#..##...
###.........#..#.⌠.#.#.......
#.###.....#..##.##.#.###...
#..#......##...#...........
##...#................>....
#...####...###..##..#.....
#....# #.@## ##.#..##.....
#.##.# #.<####.........#.. #.
#.####..#....#....#.#..# ..
#<##......###.........## #.#
#.##.#...###....#...### #.
.##.#...# %.#.#....# #...#.# .#
#.. ....###.# .##...# # # .##.
#)##l.g.# # ..###


There were no monsters in sight!

Vanquished Creatures
  2 leopard geckos
  2 giant cockroaches (D:1)
  2 goblins (D:1)
  3 hobgoblins
  2 quokkas
  10 bats
  A frilled lizard (D:1)
  3 kobolds (D:1)
  5 rats (D:1)
30 creatures vanquished.

Notes
Turn   | Place    | Note
-------+----------+-------------------------------------------
     0 | D:1      | tsouns the Demonspawn Wanderer began the quest for the Orb.
     0 | D:1      | tsouns set off with: a +2 dagger, a scroll of fear, a +0 robe, a bread ration
     0 | D:1      | Reached XP level 1. HP: 13/13 MP: 2/2
     8 | D:1      | Noticed a salamander
     8 | D:1      | Noticed a wyvern
     8 | D:1      | Noticed a swamp worm
    83 | D:1      | Reached skill level 1 in Short Blades
   211 | D:1      | Gained mutation: You have sharp fingernails. [demonic ancestry]
   211 | D:1      | Reached XP level 2. HP: 19/19 MP: 3/3
   862 | D:1      | Reached skill level 1 in Unarmed Combat
   917 | D:2      | Learned a level 1 spell: Apportation
   919 | D:2      | Learned a level 1 spell: Animate Skeleton
   927 | D:2      | Gained mutation: You sometimes gain a little power by taking damage. [demonic ancestry]
   927 | D:2      | Reached XP level 3. HP: 16/24 MP: 4/4
  1138 | D:2      | HP: 1/24 [poisoned by an adder]
  1142 | D:2      | Succumbed to an adder's poison

Vault maps used:
D:1:      onia_arrival_zoo_common, minmay_splitting_lines
D:2:      grunt_decor_one_mirror

Skill      XL: |  1  2 |
---------------+-------+-----
Short Blades   | 1 |  1.0
Stealth        | 2 |  2.6
Unarmed Combat | 1 |  1.2
Staves         | |  1.7
Dodging        | |  1.0
Spellcasting   | |  1.0
Conjurations   | |  2.0
Charms         | |  1.7

Action                   || total
-------------------------++-------
Melee: Dagger            ||   121
       Unarmed           ||    10
  Use: Scroll            ||     4
       Potion            ||     2
 Stab: Sleeping          ||     1
  Eat: Chunk             ||     1
Armor: Robe              ||    13
       Scale mail        ||    48
Dodge: Dodged            ||    77
